[Event "ICC tourney 2552 (3 2)"]
[Site "Internet Chess Club"]
[Date "2021.05.07"]
[Round "6"]
[White "MARIMUTHU, ASHWIN:K06-16548496"]
[Black "KEEL, MYLAN:K05-17256996"]
[Result "1-0"]
[ICCResult "Black checkmated"]
[WhiteElo "1400"]
[BlackElo "968"]
[Opening "QGA: 3.e4"]
[ECO "D20"]
[NIC "QG.04"]
[Time "20:14:44"]
[PlyCount "37"]
[TimeControl "180+2"]

1. d4 d5 2. c4 dxc4 3. e4 Nc6 4. Nf3 e6 5. Bxc4 Bb4+ 6. Bd2 Bd6 7. e5 Nxd4
8. exd6 Nxf3+ 9. Qxf3 cxd6 10. Bb5+ Bd7 11. Bxd7+ Qxd7 12. O-O Rb8 13. Nc3
Nf6 14. Rfe1 O-O 15. Bg5 d5 16. Bxf6 gxf6 17. Qxf6 Rbc8 18. Re5 Rc7 19.
Rg5# { Black checkmated } 1-0

[Event "ICC tourney 2552 (3 2)"]
[Site "Internet Chess Club"]
[Date "2021.05.07"]
[Round "6"]
[White "BANG, ADITYA:K05-16841804"]
[Black "KIRILOV SAKALIYSKI, CHRISTOPHER:K05-16115040"]
[Result "0-1"]
[ICCResult "White checkmated"]
[WhiteElo "1400"]
[BlackElo "1400"]
[Opening "King's pawn opening"]
[ECO "B07"]
[NIC "VO.17"]
[Time "20:14:36"]
[PlyCount "72"]
[TimeControl "180+2"]

1. e4 d6 2. d4 g6 3. c4 Bg7 4. f3 Nc6 5. Be3 e5 6. d5 Nd4 7. Nc3 c5 8. Nh3
Ne7 9. Nf2 a6 10. Bd3 O-O 11. Qd2 f5 12. O-O-O f4 13. Bxd4 cxd4 14. Ne2 Bd7
15. Kb1 b5 16. b3 Qb6 17. h3 Rfc8 18. cxb5 axb5 19. Qb4 Qa5 20. Qxa5 Rxa5
21. Nc1 Rc7 22. Be2 b4 23. Nfd3 Rb7 24. Bf1 Nc8 25. Nb2 Na7 26. Nc4 Ra6 27.
Nxe5 Nb5 28. Nxd7 Nc3+ 29. Kc2 Nxd1 30. Bxa6 Ne3+ 31. Kd3 Rxd7 32. Ne2 Rc7
33. Nxd4 Rc3+ 34. Kd2 Bxd4 35. a3 Rc2+ 36. Ke1 Bc3# { White checkmated }
0-1

[Event "ICC tourney 2552 (3 2)"]
[Site "Internet Chess Club"]
[Date "2021.05.07"]
[Round "6"]
[White "LOVE, ANDREAS:K01-30154512"]
[Black "MICHAEL BAR, NATHAN:K01-30163724"]
[Result "1-0"]
[ICCResult "Black checkmated"]
[WhiteElo "1139"]
[BlackElo "1400"]
[Opening "Giuoco Pianissimo"]
[ECO "C55"]
[NIC "IG.01"]
[Time "20:14:25"]
[PlyCount "65"]
[TimeControl "180+2"]

1. e4 e5 2. Nf3 Nc6 3. Bc4 Nf6 4. d3 Bc5 5. O-O O-O 6. h3 d6 7. Re1 Be6 8.
Bxe6 fxe6 9. Bg5 Re8 10. Bxf6 Qxf6 11. Qd2 Nd4 12. Nxd4 Bxd4 13. c3 Bb6 14.
Rf1 d5 15. exd5 exd5 16. c4 dxc4 17. dxc4 Bd4 18. Nc3 Rad8 19. Qc2 Bxc3 20.
bxc3 Qf4 21. Qb3 b6 22. a4 Rd2 23. Rab1 Rd4 24. cxd4 exd4 25. c5+ Kh8 26.
cxb6 cxb6 27. a5 bxa5 28. Rb2 Rd8 29. Rfb1 d3 30. Qb8 Rg8 31. Qxf4 Rd8 32.
Qh4 d2 33. Qxd8# { Black checkmated } 1-0

[Event "ICC tourney 2552 (3 2)"]
[Site "Internet Chess Club"]
[Date "2021.05.07"]
[Round "6"]
[White "PATEL, DARSH:K05-16084348"]
[Black "SHERYL GILLES, FAITH:K05-30165633"]
[Result "1-0"]
[ICCResult "Black forfeits on time"]
[WhiteElo "1400"]
[BlackElo "1225"]
[Opening "Petrov: Damiano variation"]
[ECO "C42"]
[NIC "RG.03"]
[Time "20:14:11"]
[PlyCount "35"]
[TimeControl "180+2"]

1. e4 e5 2. Nf3 Nf6 3. Nxe5 Nxe4 4. Bc4 Bc5 5. Nxf7 Qe7 6. Nxh8 Nxf2+ 7.
Be2 Nxd1 8. Kxd1 Bd6 9. Nc3 Bf4 10. Nb5 c6 11. Nc7+ Kd8 12. Nxa8 Bg3 13.
hxg3 Na6 14. d3 Nb4 15. a3 Nxc2 16. Kxc2 Qc5+ 17. Kd2 Qg5+ 18. Kd1 { Black
forfeits on time } 1-0

[Event "ICC tourney 2552 (3 2)"]
[Site "Internet Chess Club"]
[Date "2021.05.07"]
[Round "6"]
[White "DENG, CALEB:K01-30029985"]
[Black "THIMMASAMUDRAM, SANDEEP:K05-16278356"]
[Result "0-1"]
[ICCResult "White checkmated"]
[WhiteElo "1400"]
[BlackElo "1400"]
[Opening "Giuoco Piano"]
[ECO "C50"]
[NIC "IG.02"]
[Time "20:14:35"]
[PlyCount "58"]
[TimeControl "180+2"]

1. e4 e5 2. Nf3 Nc6 3. Bc4 Bc5 4. Nc3 d6 5. h3 Nf6 6. d3 h6 7. O-O O-O 8.
a3 a5 9. a4 Be6 10. Bb5 Na7 11. Be3 Bb4 12. Nh2 c6 13. Bc4 d5 14. exd5 cxd5
15. Bb3 d4 16. Bd2 dxc3 17. bxc3 Bc5 18. Qf3 Bxb3 19. cxb3 e4 20. Qg3 Nh5
21. Qg4 Qxd3 22. Rad1 Qd5 23. c4 Qe5 24. Bxa5 Bxf2+ 25. Kxf2 Qxa5 26. Kg1
Qb6+ 27. Kh1 e3 28. Rb1 e2 29. Qxe2 Ng3# { White checkmated } 0-1

[Event "ICC tourney 2552 (3 2)"]
[Site "Internet Chess Club"]
[Date "2021.05.07"]
[Round "6"]
[White "RAO, ANJALI:K05-30140885"]
[Black "HU, ETHAN:K01-30094787"]
[Result "1-0"]
[ICCResult "Black checkmated"]
[WhiteElo "1400"]
[BlackElo "1400"]
[Opening "two knights defense: Fegatello attack, Polerio defense"]
[ECO "C57"]
[NIC "KP.01"]
[Time "20:14:44"]
[PlyCount "135"]
[TimeControl "180+2"]

1. e4 e5 2. Nf3 Nc6 3. Bc4 Nf6 4. Ng5 d5 5. exd5 Nxd5 6. Nxf7 Kxf7 7. Qf3+
Ke6 8. Nc3 Ne7 9. O-O c6 10. d4 b5 11. Bd3 Nxc3 12. bxc3 Nf5 13. Qxf5+ Ke7
14. Bg5+ Ke8 15. Qxe5+ Be7 16. Bxe7 Qxe7 17. Qxe7+ Kxe7 18. Rfe1+ Kf7 19.
Rad1 Rf8 20. c4 Kg8 21. cxb5 cxb5 22. Bxb5 Rb8 23. Bc4+ Kh8 24. Re2 Bg4 25.
f3 Bf5 26. d5 Rfe8 27. Rxe8+ Rxe8 28. d6 Bxc2 29. Rd2 Bf5 30. Bb5 Rb8 31.
d7 Rd8 32. Kf2 Kg8 33. g4 Be6 34. f4 Kf8 35. f5 Bf7 36. a4 Ke7 37. a5 g6
38. fxg6 hxg6 39. h4 Be6 40. g5 Bxd7 41. Bxd7 Rxd7 42. Rxd7+ Kxd7 43. Ke3
Ke7 44. Kd3 Kf7 45. Kc4 Ke6 46. Kb5 Kf5 47. Kc6 Kg4 48. Kb7 Kxh4 49. Kxa7
Kxg5 50. Kb7 Kf4 51. a6 g5 52. a7 g4 53. a8=Q g3 54. Qf8+ Kg4 55. Qg8+ Kh3
56. Qb3 Kh2 57. Qc2+ g2 58. Kc6 Kh1 59. Qd1+ Kh2 60. Qe2 Kh1 61. Qh5+ Kg1
62. Kd5 Kf2 63. Qh2 Kf1 64. Qf4+ Kg1 65. Ke4 Kh1 66. Qh6+ Kg1 67. Kf3 Kf1
68. Qc1# { Black checkmated } 1-0

[Event "ICC tourney 2552 (3 2)"]
[Site "Internet Chess Club"]
[Date "2021.05.07"]
[Round "6"]
[White "NILES, NOAH:K05-30027195"]
[Black "J KUMBHARE, SHLOK:K01-30055831"]
[Result "1-0"]
[ICCResult "Black checkmated"]
[WhiteElo "1400"]
[BlackElo "1400"]
[Opening "Giuoco Piano"]
[ECO "C54"]
[NIC "IG.02"]
[Time "20:13:59"]
[PlyCount "89"]
[TimeControl "180+2"]

1. e4 e5 2. Nf3 Nc6 3. Bc4 Bc5 4. c3 Nf6 5. d4 exd4 6. cxd4 Bb4+ 7. Nc3
Nxe4 8. O-O Bxc3 9. bxc3 d5 10. Bb5 Bd7 11. Re1 Qe7 12. Bd3 O-O 13. Qe2
Rae8 14. a4 Nxc3 15. Qxe7 Nxe7 16. Ba3 c5 17. Bxc5 b6 18. Bxe7 Ne4 19. Bxf8
Rxf8 20. Bxe4 dxe4 21. Rxe4 Bc6 22. Re7 Bxf3 23. gxf3 a5 24. Rae1 f5 25.
Re8 Rxe8 26. Rxe8+ Kf7 27. Ra8 Ke6 28. Ra6 Kd5 29. Rxb6 Kxd4 30. Rb5 Kc4
31. Rxa5 Kb4 32. Ra8 g6 33. a5 Kb5 34. a6 Kb6 35. Kg2 Kc7 36. Kg3 g5 37. f4
g4 38. Kh4 h6 39. Kh5 Kd7 40. Rb8 Kc7 41. a7 Kd7 42. a8=Q Ke6 43. Rb6+ Ke7
44. Qa7+ Kf8 45. Rb8# { Black checkmated } 1-0

[Event "ICC tourney 2552 (3 2)"]
[Site "Internet Chess Club"]
[Date "2021.05.07"]
[Round "6"]
[White "FORESTAL, LUC ANDRA:K05-16346012"]
[Black "W ZHANG, ETHAN:K05-17088714"]
[Result "0-1"]
[ICCResult "White checkmated"]
[WhiteElo "1400"]
[BlackElo "1400"]
[Opening "Sicilian: Alapin's variation (2.c3)"]
[ECO "B22"]
[NIC "SI.46"]
[Time "20:14:10"]
[PlyCount "78"]
[TimeControl "180+2"]

1. e4 c5 2. c3 Nc6 3. Nf3 d6 4. Bb5 Nf6 5. Bxc6+ bxc6 6. d3 e6 7. O-O Be7
8. Bg5 O-O 9. Bxf6 Bxf6 10. Qd2 Qc7 11. Qe3 d5 12. exd5 exd5 13. Qxc5 Re8
14. d4 Be7 15. Re1 Be6 16. Re5 Bxc5 17. dxc5 Bd7 18. Rxe8+ Rxe8 19. Nbd2
Bg4 20. Rf1 Bxf3 21. Nxf3 h6 22. b3 Qa5 23. c4 dxc4 24. bxc4 Qxa2 25. Nd4
Qxc4 26. Nxc6 Qxc5 27. Nxa7 Qxa7 28. h3 Re2 29. Kh1 Qa2 30. Kg1 g5 31. g3
Kg7 32. Kg2 Kg6 33. Kg1 Kf5 34. g4+ Kf4 35. Kg2 f6 36. Kg1 Kf3 37. Kh1 Rxf2
38. Rxf2+ Qxf2 39. h4 Qg2# { White checkmated } 0-1

[Event "ICC tourney 2552 (3 2)"]
[Site "Internet Chess Club"]
[Date "2021.05.07"]
[Round "6"]
[White "SANTOSH, SAHARSH:K03-17153914"]
[Black "KAUL, KABIR:K05-30154365"]
[Result "1-0"]
[ICCResult "Black resigns"]
[WhiteElo "1400"]
[BlackElo "1209"]
[Opening "Three knights game"]
[ECO "C46"]
[NIC "KP.06"]
[Time "20:14:19"]
[PlyCount "63"]
[TimeControl "180+2"]

1. e4 e5 2. Nf3 Nc6 3. Nc3 d6 4. Bc4 Bg4 5. h3 Bxf3 6. Qxf3 f6 7. d3 Nd4 8.
Qd1 Qd7 9. Be3 O-O-O 10. Bxd4 exd4 11. Ne2 Ne7 12. Nxd4 Kb8 13. Be6 Qe8 14.
Bg4 d5 15. Ne6 Rd6 16. Nd4 dxe4 17. Ne2 exd3 18. cxd3 Qb5 19. d4 Qa5+ 20.
Nc3 Qg5 21. Qb3 f5 22. Bf3 b6 23. Nb5 Rd7 24. h4 Qf6 25. O-O-O c6 26. Nc3
Rxd4 27. Rxd4 Qxd4 28. Rd1 Qf4+ 29. Kb1 Qxh4 30. Rd8+ Kc7 31. Rd2 Qd4 32.
Rxd4 { Black resigns } 1-0

[Event "ICC tourney 2552 (3 2)"]
[Site "Internet Chess Club"]
[Date "2021.05.07"]
[Round "6"]
[White "STAMOS, BEAU:K03-16797340"]
[Black "PARK, JOSHUA:K05-16451732"]
[Result "1/2-1/2"]
[ICCResult "Black stalemated"]
[WhiteElo "1454"]
[BlackElo "1400"]
[Opening "Nimzovich-Larsen attack: modern variation"]
[ECO "A01"]
[NIC "VO.08"]
[Time "20:14:44"]
[PlyCount "69"]
[TimeControl "180+2"]

1. b3 e5 2. d4 Qf6 3. Be3 exd4 4. Qxd4 Qxd4 5. Bxd4 Nc6 6. Be3 Nb4 7. Kd1
Nf6 8. a3 Nc6 9. Nc3 d5 10. Kc1 Bf5 11. Nf3 Bxa3+ 12. Rxa3 O-O-O 13. Bd4
Ne4 14. Nxe4 Bxe4 15. Ng5 Nb4 16. Nxf7 Rhf8 17. Nxd8 Rxd8 18. f3 Bf5 19. e4
dxe4 20. fxe4 Bxe4 21. Bxg7 Nxc2 22. Ra4 b5 23. Rxe4 Rd4 24. Rxd4 Nxd4 25.
Bxd4 c5 26. Bxc5 a5 27. Bd3 a4 28. bxa4 bxa4 29. Re1 a3 30. Re7 a2 31. Kb2
Kd8 32. Bxh7 a1=Q+ 33. Kxa1 Kc8 34. Bf5+ Kd8 35. g4 { Black stalemated }
1/2-1/2

[Event "ICC tourney 2552 (3 2)"]
[Site "Internet Chess Club"]
[Date "2021.05.07"]
[Round "6"]
[White "NULU, AVANEESH:K03-17121270"]
[Black "NAGASAI SASHANK KUNCHANAPALLI, HAVISH:K06-30136759"]
[Result "0-1"]
[ICCResult "White forfeits on time"]
[WhiteElo "1400"]
[BlackElo "1324"]
[Opening "French: exchange variation"]
[ECO "C01"]
[NIC "FR.01"]
[Time "20:14:18"]
[PlyCount "38"]
[TimeControl "180+2"]

1. e4 e6 2. d4 d5 3. exd5 exd5 4. Qe2+ Be7 5. Qb5+ Nc6 6. Nc3 Nf6 7. Bg5
Bd7 8. Bxf6 Bxf6 9. Nxd5 Nxd4 10. Nxf6+ Qxf6 11. Qxb7 O-O 12. O-O-O Be6 13.
Qe4 Nf5 14. a3 Nd6 15. Qc6 Rab8 16. c3 Bb3 17. Rd2 Qf4 18. Qxc7 Rfd8 19.
Qxa7 Ne4 { White forfeits on time } 0-1

[Event "ICC tourney 2552 (3 2)"]
[Site "Internet Chess Club"]
[Date "2021.05.07"]
[Round "6"]
[White "VONWILLER, CALLUM:K03-16667060"]
[Black "RAMANUJA, KESHAV:K05-30040275"]
[Result "1-0"]
[ICCResult "Black forfeits on time"]
[WhiteElo "1400"]
[BlackElo "1400"]
[Opening "Petrov's defense"]
[ECO "C42"]
[NIC "RG.03"]
[Time "20:14:44"]
[PlyCount "35"]
[TimeControl "180+2"]

1. e4 e5 2. Nf3 Nf6 3. Nxe5 Nc6 4. Nf3 Bc5 5. Nc3 d6 6. Bc4 Be6 7. Bxe6
fxe6 8. d4 Bb6 9. d5 exd5 10. exd5 Ne5 11. Nxe5 dxe5 12. Qe2 Qd6 13. Bf4
Bd4 14. Nb5 Qc5 15. Nxd4 O-O-O 16. Bxe5 Rhg8 17. Ne6 Qxd5 18. Nxd8 { Black
forfeits on time } 1-0

[Event "ICC tourney 2552 (3 2)"]
[Site "Internet Chess Club"]
[Date "2021.05.07"]
[Round "6"]
[White "BHATT, DEV:K05-16675618"]
[Black "GRESHAM, JOB:K05-16440438"]
[Result "1-0"]
[ICCResult "Black resigns"]
[WhiteElo "1520"]
[BlackElo "1400"]
[Opening "Tennison (Lemberg, Zukertort) gambit"]
[ECO "A06"]
[NIC "QP.09"]
[Time "20:14:06"]
[PlyCount "67"]
[TimeControl "180+2"]

1. Nf3 d5 2. e4 dxe4 3. Ng5 Nf6 4. d3 exd3 5. Bxd3 h6 6. Nxf7 Kxf7 7. Bg6+
Kxg6 8. Qxd8 Bf5 9. Nc3 Bxc2 10. Qc8 Bf5 11. Qxb7 e5 12. Qxa8 Bd6 13. Qf3
Nbd7 14. O-O Bg4 15. Qg3 e4 16. f4 exf3 17. Qf2 fxg2 18. Qxg2 Ne5 19. Nd5
Bc5+ 20. Kh1 Rf8 21. h3 Nxd5 22. Rxf8 Bxf8 23. hxg4 Nf6 24. g5 hxg5 25.
Qxg5+ Kf7 26. Qxe5 Bd6 27. Qd4 Nh5 28. Bg5 Ng3+ 29. Kg2 Nf5 30. Qd5+ Kg6
31. Bd2 Bb4 32. Qc6+ Bd6 33. Rg1 Nh4+ 34. Kh3+ { Black resigns } 1-0

[Event "ICC tourney 2552 (3 2)"]
[Site "Internet Chess Club"]
[Date "2021.05.07"]
[Round "6"]
[White "HOJA, SAEED:K01-17050607"]
[Black "SINGHAL, MEENAKSHI:K05-16551160"]
[Result "1-0"]
[ICCResult "Black checkmated"]
[WhiteElo "1400"]
[BlackElo "1400"]
[Opening "Giuoco Pianissimo: Italian four knights variation"]
[ECO "C55"]
[NIC "IG.01"]
[Time "20:14:16"]
[PlyCount "83"]
[TimeControl "180+2"]

1. e4 e5 2. Nf3 Nc6 3. Bc4 Nf6 4. Nc3 Bc5 5. d3 h6 6. Bd2 O-O 7. O-O d6 8.
h3 Nh5 9. Qe2 Qf6 10. Nd5 Qg6 11. Bb5 Bxh3 12. Nh4 Qg4 13. Qxg4 Bxg4 14.
Bxc6 bxc6 15. Ne7+ Kh8 16. Nhg6+ fxg6 17. Nxg6+ Kg8 18. Nxf8 Rxf8 19. b4
Bd4 20. c3 Bxf2+ 21. Rxf2 Rxf2 22. Kxf2 Nf4 23. Bxf4 exf4 24. g3 fxg3+ 25.
Kxg3 h5 26. Rh1 g6 27. Kf4 Kf7 28. Rf1 Kg7 29. Kg5 a5 30. bxa5 c5 31. Rb1
c4 32. Rb7 cxd3 33. Rb2 d5 34. a6 dxe4 35. a7 d2 36. Rxd2 e3 37. Rb2 e2 38.
Rxe2 Bxe2 39. a8=Q c5 40. Qa7+ Kg8 41. Kxg6 h4 42. Qg7# { Black checkmated
} 1-0

[Event "ICC tourney 2552 (3 2)"]
[Site "Internet Chess Club"]
[Date "2021.05.07"]
[Round "6"]
[White "SINGH, JIYAN:K03-16360523"]
[Black "AGNIHOTRI, AADI:K05-16443397"]
[Result "0-1"]
[ICCResult "White forfeits on time"]
[WhiteElo "1400"]
[BlackElo "1400"]
[Opening "King's pawn game"]
[ECO "C50"]
[NIC "IG.03"]
[Time "20:14:44"]
[PlyCount "64"]
[TimeControl "180+2"]

1. e4 e5 2. Nf3 Nc6 3. Bc4 Nd4 4. Nxd4 exd4 5. c3 dxc3 6. Nxc3 d6 7. d4 Nf6
8. Bf4 Qe7 9. O-O Qd8 10. Re1 Be7 11. h3 O-O 12. Qd2 c6 13. Rad1 d5 14.
exd5 cxd5 15. Nxd5 Nxd5 16. Bxd5 Qxd5 17. Rxe7 Qxa2 18. b4 Qxd2 19. Rxd2 b6
20. Rc2 Be6 21. Rcc7 h6 22. Rxa7 Rxa7 23. Rxa7 Rd8 24. Be3 b5 25. Ra5 Bc4
26. f3 g5 27. g4 Kg7 28. Kg2 Kg6 29. Kg3 h5 30. gxh5+ Kxh5 31. f4 Kg6 32.
fxg5 Rh8 { White forfeits on time } 0-1

[Event "ICC tourney 2552 (3 2)"]
[Site "Internet Chess Club"]
[Date "2021.05.07"]
[Round "6"]
[White "MANCHANDA, ADVIK:K01-30054176"]
[Black "BHOOMA, DHIVIJ:K05-16188670"]
[Result "0-1"]
[ICCResult "White checkmated"]
[WhiteElo "1400"]
[BlackElo "1400"]
[Opening "French defense"]
[ECO "C01"]
[NIC "FR.01"]
[Time "20:14:39"]
[PlyCount "70"]
[TimeControl "180+2"]

1. e4 e6 2. d4 Ne7 3. Nf3 g6 4. Nc3 Bg7 5. Be3 O-O 6. Bd3 d6 7. O-O e5 8.
dxe5 dxe5 9. Qe2 Nbc6 10. Rfd1 Qe8 11. Bc4 Bg4 12. h3 Bxf3 13. Qxf3 Nb4 14.
Rac1 Nec6 15. Qg3 Nd4 16. Rd2 b5 17. Bd5 Nxd5 18. Nxd5 Qd8 19. c3 c6 20.
Nb4 c5 21. Nc6 Qc7 22. Nxd4 cxd4 23. Bg5 Qc8 24. Rdc2 Qb7 25. f3 b4 26.
cxd4 Qb6 27. Rd1 b3 28. axb3 Qxb3 29. Rcd2 h6 30. Be7 Rfe8 31. Ba3 Qe3+ 32.
Kh1 exd4 33. Rd3 Be5 34. Qh4 Qf4 35. Qf2 Qh2# { White checkmated } 0-1

[Event "ICC tourney 2552 (3 2)"]
[Site "Internet Chess Club"]
[Date "2021.05.07"]
[Round "6"]
[White "LIANG, JOEY:K03-17280755"]
[Black "GALLEGE, REHAN:K05-16946930"]
[Result "1-0"]
[ICCResult "Black checkmated"]
[WhiteElo "1400"]
[BlackElo "1400"]
[Opening "French: exchange variation"]
[ECO "C01"]
[NIC "FR.01"]
[Time "20:14:44"]
[PlyCount "63"]
[TimeControl "180+2"]

1. e4 e6 2. d4 d5 3. exd5 exd5 4. Nf3 Nf6 5. Bd3 Bd6 6. O-O O-O 7. Bg5 c6
8. Nc3 Be6 9. Re1 Nbd7 10. Ne5 Qc7 11. Nxd7 Nxd7 12. Qh5 g6 13. Qf3 Bxh2+
14. Kh1 Bd6 15. g3 c5 16. Ne2 c4 17. Bxc4 dxc4 18. Nc3 Qc6 19. d5 Bxd5 20.
Nxd5 Nb6 21. Nf6+ Kg7 22. Qxc6 bxc6 23. Ng4 Rfe8 24. Bh6+ Kg8 25. Nf6+ Kh8
26. Rxe8+ Rxe8 27. Nxe8 Be5 28. c3 Na4 29. Re1 Bb8 30. Nf6 Bd6 31. Re8+ Bf8
32. Rxf8# { Black checkmated } 1-0

[Event "ICC tourney 2552 (3 2)"]
[Site "Internet Chess Club"]
[Date "2021.05.07"]
[Round "6"]
[White "LIU, DAVID:K05-15646077"]
[Black "SINGEETHAM, VYASARAJ:K03-17011358"]
[Result "1-0"]
[ICCResult "Black checkmated"]
[WhiteElo "1400"]
[BlackElo "1400"]
[Opening "Queen's pawn, Mason variation"]
[ECO "D00"]
[NIC "QP.08"]
[Time "20:14:12"]
[PlyCount "77"]
[TimeControl "180+2"]

1. d4 d5 2. Bf4 Nc6 3. c3 a6 4. Nf3 Nf6 5. e3 e6 6. Nbd2 Be7 7. Be2 O-O 8.
O-O h6 9. h3 Re8 10. Bd3 Bd7 11. Bh2 Na5 12. b3 Nc6 13. Ne5 Nxe5 14. dxe5
Ne4 15. Nxe4 dxe4 16. Bxe4 Ba3 17. Qc2 Bb5 18. Rfd1 Qh4 19. Bh7+ Kh8 20.
Bd3 Bxd3 21. Rxd3 Bc5 22. b4 Bb6 23. Bg3 Qc4 24. Rd7 Rf8 25. Rad1 Qb5 26.
Re7 Qc4 27. Rdd7 Kg8 28. Bf4 a5 29. a3 axb4 30. axb4 Ra3 31. Kh2 Rxc3 32.
Qd1 Qxb4 33. Qh5 Kh8 34. Bxh6 Kg8 35. Bxg7 Kxg7 36. Rxf7+ Rxf7 37. Qxf7+
Kh6 38. Qh7+ Kg5 39. Rg7# { Black checkmated } 1-0

[Event "ICC tourney 2552 (3 2)"]
[Site "Internet Chess Club"]
[Date "2021.05.07"]
[Round "6"]
[White "ZHANG, RYAN:K06-16485982"]
[Black "KRISHNA JOSHI, AADIT:K03-17152932"]
[Result "1-0"]
[ICCResult "Black checkmated"]
[WhiteElo "1400"]
[BlackElo "1400"]
[Opening "Sicilian: Grand Prix attack"]
[ECO "B23"]
[NIC "SI.44"]
[Time "20:14:08"]
[PlyCount "61"]
[TimeControl "180+2"]

1. e4 c5 2. Nc3 Nc6 3. f4 e5 4. fxe5 Nxe5 5. Nf3 Nxf3+ 6. Qxf3 Nf6 7. e5
Ng8 8. Bc4 f6 9. O-O Qe7 10. exf6 Qxf6 11. Qd5 Qe6 12. Qxe6+ dxe6 13. d3
Bd7 14. Bf4 O-O-O 15. Rae1 Re8 16. Nb5 Bxb5 17. Bxb5 Re7 18. Bd6 Rd7 19.
Bxd7+ Kxd7 20. Bxf8 Nf6 21. Bxg7 Rg8 22. Bxf6 Rf8 23. Be5 Kc6 24. Rxf8 Kd5
25. Rd8+ Kc6 26. c4 Kb6 27. Bg3 Ka6 28. Rxe6+ b6 29. Re7 h6 30. Rdd7 h5 31.
Rxa7# { Black checkmated } 1-0

[Event "ICC tourney 2552 (3 2)"]
[Site "Internet Chess Club"]
[Date "2021.05.07"]
[Round "6"]
[White "REEVE MENDES, AARON:K03-30164243"]
[Black "UDAY KAVALE, SOURISH:K06-16328330"]
[Result "1-0"]
[ICCResult "Black resigns"]
[WhiteElo "1400"]
[BlackElo "1400"]
[Opening "Two knights defense (Modern bishop's opening)"]
[ECO "C55"]
[NIC "IG.01"]
[Time "20:14:06"]
[PlyCount "97"]
[TimeControl "180+2"]

1. e4 e5 2. Nf3 Nc6 3. Bc4 Nf6 4. d3 Be7 5. c3 d6 6. O-O Bg4 7. h3 Bh5 8.
Be3 O-O 9. Nbd2 Na5 10. Bb5 c6 11. Ba4 b5 12. Bc2 c5 13. d4 cxd4 14. cxd4
exd4 15. Bxd4 Nc4 16. Nxc4 bxc4 17. g4 Bg6 18. Re1 Nd7 19. Kg2 Bf6 20. Qd2
Bxd4 21. Nxd4 Nb6 22. f4 h6 23. Rad1 Re8 24. Nc6 Qc7 25. Qxd6 Qxd6 26. Rxd6
Re6 27. Rxe6 fxe6 28. Rd1 Kf7 29. Ne5+ Kf6 30. h4 Bh7 31. g5+ hxg5 32.
hxg5+ Ke7 33. g6 Bg8 34. Nc6+ Ke8 35. e5 Nd5 36. Kf3 a6 37. Ba4 Nb6 38. Bc2
Nd5 39. Be4 Kd7 40. Nd4 Rb8 41. f5 exf5 42. Nxf5 Rb5 43. Ne3 Kc6 44. Nxd5
Bxd5 45. Rxd5 Rxd5 46. e6 Kd6 47. Bxd5 Ke7 48. Bxc4 a5 49. a4 { Black
resigns } 1-0

[Event "ICC tourney 2552 (3 2)"]
[Site "Internet Chess Club"]
[Date "2021.05.07"]
[Round "6"]
[White "WANKHEDE, ADVAIT:K06-30026534"]
[Black "MATHEUSSEN, JACK:K03-17193974"]
[Result "0-1"]
[ICCResult "White checkmated"]
[WhiteElo "1400"]
[BlackElo "1400"]
[Opening "Caro-Kann defense"]
[ECO "B10"]
[NIC "CK.01"]
[Time "20:14:44"]
[PlyCount "56"]
[TimeControl "180+2"]

1. e4 c6 2. Nf3 d5 3. exd5 cxd5 4. d4 Bf5 5. Nc3 e6 6. Bf4 Nc6 7. Bb5 a6 8.
Bxc6+ bxc6 9. O-O Nf6 10. Bg5 h6 11. Bxf6 Qxf6 12. Ne5 Rc8 13. Qh5 Bb4 14.
Qe2 Bxc3 15. bxc3 a5 16. Qa6 O-O 17. Nd7 Qe7 18. Nxf8 Qxf8 19. Rab1 Bxc2
20. Rb6 c5 21. Rc6 Rxc6 22. Qxc6 cxd4 23. cxd4 Qa3 24. Qxc2 a4 25. Rb1 f6
26. Rb8+ Kf7 27. Ra8 Qb4 28. Rxa4 Qe1# { White checkmated } 0-1

[Event "ICC tourney 2552 (3 2)"]
[Site "Internet Chess Club"]
[Date "2021.05.07"]
[Round "6"]
[White "ADDURI, MANSI:K03-17004388"]
[Black "XUE, JACK:K03-17241051"]
[Result "0-1"]
[ICCResult "White checkmated"]
[WhiteElo "1400"]
[BlackElo "1348"]
[Opening "French: exchange variation"]
[ECO "C01"]
[NIC "FR.01"]
[Time "20:13:54"]
[PlyCount "138"]
[TimeControl "180+2"]

1. e4 e6 2. d4 d5 3. exd5 exd5 4. Nc3 c5 5. dxc5 Be6 6. Be3 Nf6 7. Nf3 Nc6
8. Bb5 a6 9. Ba4 Qa5 10. Ne5 Bd7 11. Nxd7 Nxd7 12. O-O Bxc5 13. Bxc5 Qxc5
14. Bb3 Nf6 15. Re1+ Ne7 16. Nxd5 Nxd5 17. Bxd5 Rd8 18. c4 O-O 19. Re5 Kh8
20. Qf3 f6 21. b4 Qxb4 22. a3 Qb2 23. Ree1 Nxd5 24. cxd5 Rfe8 25. Rxe8+
Rxe8 26. Rd1 Qd2 27. h3 Re1+ 28. Rxe1 Qxe1+ 29. Kh2 Qe5+ 30. g3 Kg8 31. Kg2
Kf7 32. g4 Ke7 33. Qe3 Kd6 34. Qd3 Qxd5+ 35. Qxd5+ Kxd5 36. Kf3 Ke5 37. Ke3
b5 38. Kd3 a5 39. Kc3 b4+ 40. axb4 axb4+ 41. Kxb4 Kf4 42. Kc5 Kf3 43. Kd6
Kxf2 44. Ke7 Kg3 45. Kf7 Kxh3 46. Kxg7 Kxg4 47. Kxf6 h5 48. Ke5 h4 49. Ke4
h3 50. Ke3 Kg3 51. Ke2 Kg2 52. Ke3 h2 53. Kf4 h1=Q 54. Kf5 Qh4 55. Ke5 Qg4
56. Kd5 Qf4 57. Kc5 Qe4 58. Kb5 Qd4 59. Kc6 Qe5 60. Kd7 Qf6 61. Kc7 Qe6 62.
Kb7 Qd6 63. Kc8 Qe7 64. Kb8 Qd7 65. Ka8 Kf3 66. Kb8 Ke4 67. Ka8 Kd5 68. Kb8
Kc6 69. Ka8 Qb7# { White checkmated } 0-1

[Event "ICC tourney 2552 (3 2)"]
[Site "Internet Chess Club"]
[Date "2021.05.07"]
[Round "6"]
[White "YU, ZIRAN:K05-30074850"]
[Black "ZHONG, EVAN:K01-30064302"]
[Result "0-1"]
[ICCResult "White forfeits on time"]
[WhiteElo "1400"]
[BlackElo "1400"]
[Opening "King's pawn game"]
[ECO "C44"]
[NIC "KP.10"]
[Time "20:14:14"]
[PlyCount "114"]
[TimeControl "180+2"]

1. e4 e5 2. Nf3 Nc6 3. Bd3 Bc5 4. Bc4 Nf6 5. Nc3 O-O 6. O-O d6 7. d3 Be6 8.
Bb3 h6 9. h3 Nd4 10. Nxd4 Bxd4 11. Nb5 Qd7 12. Nxd4 exd4 13. c3 Bxh3 14.
gxh3 Qxh3 15. f3 Nh5 16. Qe2 Ng3 17. Qg2 Qxg2+ 18. Kxg2 Nxf1 19. Kxf1 dxc3
20. bxc3 Kh8 21. d4 f5 22. Ke2 fxe4 23. fxe4 Rae8 24. Ba4 Rxe4+ 25. Kd3 Re1
26. Kd2 Rff1 27. Bb5 Rh1 28. Rb1 g5 29. Bd3 g4 30. Kc2 g3 31. Kb2 g2 32.
Bd2 Rxb1+ 33. Bxb1 Rxb1+ 34. Kxb1 g1=Q+ 35. Kc2 Qf2 36. Kd3 h5 37. Be3 h4
38. Bxf2 h3 39. Bg3 Kg7 40. Ke3 Kg6 41. Kf4 Kh5 42. Kf3 Kg5 43. a3 a6 44.
c4 Kf5 45. a4 Kg5 46. Bf4+ Kf5 47. Bg3 b6 48. d5 a5 49. Ke3 Kg4 50. Kf2 Kf5
51. Kf3 Kg5 52. Kf2 Kg4 53. Bh2 Kf5 54. Kf3 Kg5 55. Bf4+ Kh4 56. Bg3+ Kg5
57. Bf4+ Kf5 { White forfeits on time } 0-1